SAAA
SCRANTON SUPERNOVAS @ ALLOWAY HALBERDS
07/01/2029
 
TOP OF THE 1ST
Scranton Supernovas batting - Pitching for Alloway Halberds : RHP Ryan Dull
Pitching: RHP Ryan Dull
Batting: RHB Keith MacKey 0-0: Called Strike
0-1: Ball
1-1: Ball
2-1: Foul Ball, location: 2F
2-2: Fly out, F7 (Flyball, 78D)
Batting: RHB Kevin Malone 0-0: Ball
1-0: Ball
2-0: Ball
3-0: Base on Balls
Batting: RHB Phil Moore 0-0: Grounds into double play, 5-4-3 (Groundball, 56)
Top of the 1st over - 0 runs, 0 hits, 0 errors, 0 left on base; Scranton 0 - Alloway 0
BOTTOM OF THE 1ST
Alloway Halberds batting - Pitching for Scranton Supernovas : LHP Masami Kogawa
Pitching: LHP Masami Kogawa
Batting: LHB Juan Caro 0-0: Ball
1-0: Called Strike
1-1: Called Strike
1-2: Strikes out swinging
Batting: RHB Jarred Morgan 0-0: Foul Ball, location: 2F
0-1: Fly out, F4 (Line Drive, 4M)
Batting: RHB Jerry Yates 0-0: Called Strike
0-1: Ball
1-1: DOUBLE (Line Drive, 9LD)
Batting: RHB Juan Salinas 0-0: Ball
1-0: Called Strike
1-1: Ground out 6-3 (Groundball, 6S)
Bottom of the 1st over - 0 runs, 1 hit, 0 errors, 1 left on base; Scranton 0 - Alloway 0
TOP OF THE 2ND
Scranton Supernovas batting - Pitching for Alloway Halberds : RHP Ryan Dull
Batting: RHB Felipe Bruno 0-0: Ball
1-0: Ball
2-0: Ball
3-0: Base on Balls
Batting: RHB Martín Álvarez 0-0: Fly out, F7 (Flyball, 7LS)
Batting: RHB Eddie Sachs 0-0: Called Strike
0-1: Foul Ball, location: 2F
0-2: Strikes out looking
Batting: RHB Michael Walker 0-0: Ball
Felipe Bruno steals 2nd base
1-0: Foul Ball, location: 2F
1-1: Ball
2-1: SINGLE (Groundball, 56) (infield hit)
Felipe Bruno to third
Batting: LHB José Pacheco 0-0: Ball
1-0: Ground out 4-3 (Groundball, 4)
Top of the 2nd over - 0 runs, 1 hit, 0 errors, 2 left on base; Scranton 0 - Alloway 0
BOTTOM OF THE 2ND
Alloway Halberds batting - Pitching for Scranton Supernovas : LHP Masami Kogawa
Batting: LHB José Zarate 0-0: Called Strike
0-1: Swinging Strike
0-2: Strikes out looking
Batting: RHB Carlos De Jesús 0-0: Ball
1-0: Ball
2-0: Ball
3-0: Base on Balls
Batting: RHB Vito Middendorf 0-0: Ball
1-0: Ground out 4-3 (Groundball, 34)
Carlos De Jesús to second
Batting: RHB Jordan Hollins 0-0: Foul Ball, location: 2F
0-1: Ball
1-1: Ball
2-1: Ball
3-1: Foul Ball, location: 2F
3-2: Base on Balls
Batting: LHB Ricardo Ríos 0-0: Ground out 4-3 (Groundball, 4)
Bottom of the 2nd over - 0 runs, 0 hits, 0 errors, 2 left on base; Scranton 0 - Alloway 0
TOP OF THE 3RD
Scranton Supernovas batting - Pitching for Alloway Halberds : RHP Ryan Dull
Batting: LHB José Cordero 0-0: Called Strike
0-1: Foul Ball, location: 2F
0-2: Ball
1-2: Foul Ball, location: 2F
1-2: DOUBLE (Line Drive, 9)
Batting: RHB Keith MacKey 0-0: Ball
1-0: Called Strike
1-1: Ball
2-1: Swinging Strike
2-2: Ball
3-2: Foul Ball, location: 2F
3-2: Foul Ball, location: 2F
3-2: Fly out, F7 (Flyball, 78M)
Batting: RHB Kevin Malone 0-0: Ball
1-0: Ball
2-0: Ball
3-0: Base on Balls
Batting: RHB Phil Moore 0-0: Ball
José Cordero steals 3rd base
1-0: Ball
2-0: Called Strike
2-1: Grounds into double play, 4-6-3 (Groundball, 4)
Top of the 3rd over - 0 runs, 1 hit, 0 errors, 1 left on base; Scranton 0 - Alloway 0
BOTTOM OF THE 3RD
Alloway Halberds batting - Pitching for Scranton Supernovas : LHP Masami Kogawa
Batting: LHB Juan Caro 0-0: Ball
1-0: Swinging Strike
1-1: Called Strike
1-2: Strikes out swinging
Batting: RHB Jarred Morgan 0-0: Called Strike
0-1: Called Strike
0-2: Ball
1-2: Foul Ball, location: 2F
1-2: Strikes out swinging
Batting: RHB Jerry Yates 0-0: Ball
1-0: Ground out 6-3 (Groundball, 56)
Bottom of the 3rd over - 0 runs, 0 hits, 0 errors, 0 left on base; Scranton 0 - Alloway 0
TOP OF THE 4TH
Scranton Supernovas batting - Pitching for Alloway Halberds : RHP Ryan Dull
Batting: RHB Felipe Bruno 0-0: Ball
1-0: Ball
2-0: Ball
3-0: Called Strike
3-1: Base on Balls
Batting: RHB Martín Álvarez 0-0: Ball
1-0: Called Strike
1-1: Called Strike
1-2: Foul Ball, location: 2F
1-2: Grounds out, U3 (Groundball, 3L)
Batting: RHB Eddie Sachs 0-0: Ball
1-0: Swinging Strike
1-1: Foul Ball, location: 2F
1-2: SINGLE (Flyball, 56D)
Felipe Bruno to third
Batting: RHB Michael Walker 0-0: Foul Ball, location: 2F
0-1: Fly out, F9 (Flyball, 89M)
Runner from 3rd tags up, SCORES, throw made
Batting: LHB José Pacheco 0-0: Called Strike
0-1: Swinging Strike
0-2: Ball
1-2: Ball
2-2: Ball
3-2: Foul Ball, location: 2F
3-2: Base on Balls
Eddie Sachs to second
Batting: LHB José Cordero 0-0: Ball
1-0: Called Strike
1-1: Foul Ball, location: 2F
1-2: Strikes out looking
Top of the 4th over - 1 run, 1 hit, 0 errors, 2 left on base; Scranton 1 - Alloway 0
BOTTOM OF THE 4TH
Alloway Halberds batting - Pitching for Scranton Supernovas : LHP Masami Kogawa
Batting: RHB Juan Salinas 0-0: Foul Ball, location: 2F
0-1: Ground out 4-3 (Groundball, 4)
Batting: LHB José Zarate 0-0: Ball
1-0: SOLO HOME RUN (Flyball, 7D), Distance : 397 ft
Batting: RHB Carlos De Jesús 0-0: Ball
1-0: Ball
2-0: Called Strike
2-1: Ball
3-1: Foul Ball, location: 2F
3-2: Foul Ball, location: 2F
3-2: Base on Balls
Batting: RHB Vito Middendorf 0-0: Called Strike
0-1: Ball
1-1: Swinging Strike
1-2: SINGLE (Line Drive, 8LS)
Carlos De Jesús to second
Batting: RHB Jordan Hollins 0-0: Ball
1-0: Foul Ball, location: 2F
1-1: Called Strike
1-2: Foul Ball, location: 2F
1-2: Ball
2-2: Ball
3-2: Base on Balls
Carlos De Jesús to third
Vito Middendorf to second
Batting: LHB Ricardo Ríos 0-0: Swinging Strike
0-1: Ground out U3 (Groundball, 34S)
Carlos De Jesús scores
Vito Middendorf to third
Jordan Hollins to second
Batting: LHB Juan Caro 0-0: Foul Ball, location: 2F
0-1: Swinging Strike
0-2: Ball
1-2: Strikes out looking
Bottom of the 4th over - 2 runs, 2 hits, 0 errors, 2 left on base; Scranton 1 - Alloway 2
TOP OF THE 5TH
Scranton Supernovas batting - Pitching for Alloway Halberds : RHP Ryan Dull
Batting: RHB Keith MacKey 0-0: Ground out 5-3 (Groundball, 5L)
Batting: RHB Kevin Malone 0-0: Ball
1-0: Ball
2-0: Ball
3-0: Called Strike
3-1: Base on Balls
Batting: RHB Phil Moore 0-0: Ball
1-0: Foul Ball, location: 2F
1-1: Called Strike
1-2: Strikes out looking
Batting: RHB Felipe Bruno 0-0: Ball
1-0: Fly out, F7 (Line Drive, 7D)
Top of the 5th over - 0 runs, 0 hits, 0 errors, 1 left on base; Scranton 1 - Alloway 2
BOTTOM OF THE 5TH
Alloway Halberds batting - Pitching for Scranton Supernovas : LHP Masami Kogawa
Batting: RHB Jarred Morgan 0-0: Called Strike
0-1: Ball
1-1: Called Strike
1-2: Ground out 5-3 (Groundball, 56S)
Batting: RHB Jerry Yates 0-0: Ball
1-0: Fly out, F4 (Flyball, 4MD)
Batting: RHB Juan Salinas 0-0: Ball
1-0: Foul Ball, location: 2F
1-1: Ball
2-1: Ball
3-1: SOLO HOME RUN (Flyball, 7LD), Distance : 344 ft
Batting: LHB José Zarate 0-0: Ball
1-0: Swinging Strike
1-1: Ball
2-1: Ground out 5-3 (Groundball, 56)
Bottom of the 5th over - 1 run, 1 hit, 0 errors, 0 left on base; Scranton 1 - Alloway 3
TOP OF THE 6TH
Scranton Supernovas batting - Pitching for Alloway Halberds : RHP Ryan Dull
Batting: RHB Martín Álvarez 0-0: Ball
1-0: DOUBLE (Line Drive, 9D)
Batting: RHB Eddie Sachs 0-0: Ball
1-0: Ball
2-0: Ball
3-0: Base on Balls
Batting: RHB Michael Walker 0-0: Sac Bunt - play at first, batter safe!
Martín Álvarez to third
Eddie Sachs to second
Batting: LHB José Pacheco 0-0: Ball
1-0: Called Strike
1-1: Foul Ball, location: 2F
1-2: Ball
2-2: Ball
3-2: Grounds into fielders choice 4-2 (Groundball, 34)
Eddie Sachs to third
Michael Walker to second
Batting: LHB José Cordero 0-0: Swinging Strike
0-1: Swinging Strike
0-2: Ball
1-2: Strikes out swinging
Batting: RHB Keith MacKey 0-0: Called Strike
0-1: Ball
1-1: Ball
2-1: Ground out U3 (Groundball, 34S)
Top of the 6th over - 0 runs, 2 hits, 0 errors, 3 left on base; Scranton 1 - Alloway 3
BOTTOM OF THE 6TH
Alloway Halberds batting - Pitching for Scranton Supernovas : LHP Masami Kogawa
Batting: RHB Carlos De Jesús 0-0: Ball
1-0: Ground out 5-3 (Groundball, 5S)
Batting: RHB Vito Middendorf 0-0: Ball
1-0: Ball
2-0: Ball
3-0: Base on Balls
Batting: RHB Jordan Hollins 0-0: Called Strike
0-1: Foul Ball, location: 2F
0-2: Ball
1-2: Strikes out swinging
Batting: LHB Ricardo Ríos 0-0: Ball
1-0: Ground out 4-3 (Groundball, 4)
Bottom of the 6th over - 0 runs, 0 hits, 0 errors, 1 left on base; Scranton 1 - Alloway 3
TOP OF THE 7TH
Scranton Supernovas batting - Pitching for Alloway Halberds : RHP Ryan Dull
Batting: RHB Kevin Malone 0-0: Ball
1-0: Ball
2-0: SOLO HOME RUN (Flyball, 7D), Distance : 398 ft
Pitching: RHP Francisco García
Batting: RHB Phil Moore 0-0: Ball
1-0: Called Strike
1-1: Ball
2-1: Foul Ball, location: 2F
2-2: Strikes out swinging
Batting: RHB Felipe Bruno 0-0: Called Strike
0-1: Ball
1-1: Ball
2-1: Foul Ball, location: 2F
2-2: Ball
3-2: Base on Balls
Batting: RHB Martín Álvarez 0-0: Fly out, F8 (Flyball, 89D)
Batting: RHB Eddie Sachs 0-0: Ball
1-0: Called Strike
1-1: Swinging Strike
1-2: Foul Ball, location: 2F
1-2: Foul Ball, location: 2F
1-2: Ball
2-2: Foul Ball, location: 2F
2-2: Strikes out swinging
Top of the 7th over - 1 run, 1 hit, 0 errors, 1 left on base; Scranton 2 - Alloway 3
BOTTOM OF THE 7TH
Alloway Halberds batting - Pitching for Scranton Supernovas : LHP Masami Kogawa
Batting: LHB Juan Caro 0-0: Swinging Strike
0-1: Ball
1-1: Fly out, F9 (Flyball, 9S)
Batting: RHB Jarred Morgan 0-0: Ball
1-0: Ball
2-0: Ball
3-0: Called Strike
3-1: Base on Balls
Batting: RHB Jerry Yates 0-0: Ball
1-0: Ball
2-0: Fly out, F7 (Flyball, 7LSF)
Batting: RHB Juan Salinas 0-0: Swinging Strike
0-1: Swinging Strike
0-2: Ball
1-2: Foul Ball, location: 2F
1-2: SINGLE (Line Drive, 34)
Jarred Morgan to second
Runner from 2nd tries for 3rd, SAFE, no throw
Batting: LHB José Zarate 0-0: Ground out 4-3 (Groundball, 34)
Bottom of the 7th over - 0 runs, 1 hit, 0 errors, 2 left on base; Scranton 2 - Alloway 3
TOP OF THE 8TH
Scranton Supernovas batting - Pitching for Alloway Halberds : RHP Francisco García
Now at 1B: Armando Becerra
Now in RF: Ramón Rivera
Batting: RHB Michael Walker 0-0: SOLO HOME RUN (Flyball, 7LD), Distance : 367 ft
Batting: LHB José Pacheco 0-0: Ball
1-0: Ground out 4-3 (Groundball, 34)
Batting: LHB José Cordero 0-0: Called Strike
0-1: Foul Ball, location: 2F
0-2: Ball
1-2: Ball
2-2: Foul Ball, location: 2F
2-2: Foul Ball, location: 2F
2-2: Foul Ball, location: 2F
2-2: Foul Ball, location: 2F
2-2: SINGLE (Line Drive, 34D)
Pinch Hitting: SHB Alonso Solís 0-0: Ball
José Cordero steals 2nd base
1-0: Ball
Wild Pitch!
José Cordero to third
2-0: Ball
3-0: Base on Balls
Batting: RHB Kevin Malone 0-0: Swinging Strike
0-1: Foul Ball, location: 2F
0-2: Foul Ball, location: 2F
0-2: Ball
1-2: Foul Ball, location: 2F
1-2: Fielders Choice at 2nd, 1-6 (Groundball, 13)
Batting: RHB Phil Moore 0-0: Foul Ball, location: 2F
Pickoff Throw to First - Out!
Top of the 8th over - 1 run, 2 hits, 0 errors, 1 left on base; Scranton 3 - Alloway 3
BOTTOM OF THE 8TH
Alloway Halberds batting - Pitching for Scranton Supernovas : LHP Masami Kogawa
Now in CF: Senior Pond
Batting: RHB Carlos De Jesús 0-0: Called Strike
0-1: TRIPLE (Flyball, 7LD)
Batting: RHB Vito Middendorf 0-0: Swinging Strike
0-1: Ball
Wild Pitch!
Carlos De Jesús scores
1-1: Ball
2-1: Fly out, F7 (Flyball, 78XD)
Pitching: LHP Jeff Schneider
Batting: RHB Jordan Hollins 0-0: Called Strike
0-1: Ball
1-1: Ground out 6-3 (Groundball, 6)
Batting: LHB Ricardo Ríos 0-0: Swinging Strike
0-1: Ball
1-1: Ball
2-1: Ground out U3 (Groundball, 34)
Bottom of the 8th over - 1 run, 1 hit, 0 errors, 0 left on base; Scranton 3 - Alloway 4
TOP OF THE 9TH
Scranton Supernovas batting - Pitching for Alloway Halberds : RHP Francisco García
Batting: RHB Phil Moore 0-0: Called Strike
0-1: SINGLE (Groundball, 4M)
Batting: RHB Felipe Bruno 0-0: Foul Ball, location: 2F
0-1: Ball
1-1: Called Strike
1-2: Foul Ball, location: 2F
1-2: Strikes out looking
Batting: RHB Martín Álvarez 0-0: 2-RUN HOME RUN (Flyball, 9LD), Distance : 366 ft
Batting: RHB Eddie Sachs 0-0: Called Strike
0-1: Ground out 5-3 (Groundball, 56S)
Batting: RHB Michael Walker 0-0: Ball
1-0: Bunt for hit - play at first, batter safe!
Batting: LHB José Pacheco 0-0: Ground out 4-3 (Groundball, 4S)
Top of the 9th over - 2 runs, 3 hits, 0 errors, 1 left on base; Scranton 5 - Alloway 4
BOTTOM OF THE 9TH
Alloway Halberds batting - Pitching for Scranton Supernovas : LHP Jeff Schneider
Pinch Hitting: RHB Jorge López 0-0: Called Strike
0-1: Fly out, F7 (Flyball, 7)
Pinch Hitting: RHB Bryan Clifton 0-0: Ball
1-0: Ground out 1-3 (Groundball, P)
Batting: RHB Jerry Yates 0-0: Ball
1-0: Ball
2-0: Fly out, F9 (Flyball, 89D)
Bottom of the 9th over - 0 runs, 0 hits, 0 errors, 0 left on base; Scranton 5 - Alloway 4
Tuesday, December 19th, 2017 - OOTP Baseball 18.8 Build 76